 Dungeon Crawl Stone Soup version 0.30-a0-739-gea05faddec (webtiles) character file.

Game seed: 18024532998677875379

16 MackTheKnife the Vexing (level 2, 0/24 HPs)
             Began as a Deep Elf Wanderer on Feb 4, 2023.
             Succumbed to a kobold's poison
             ... on level 1 of the Dungeon.
             The game lasted 00:00:57 (319 turns).

MackTheKnife the Vexing (Deep Elf Wanderer)          Turns: 319, Time: 00:00:58

Health: 0/24       AC:  5    Str:  7    XL:     2   Next: 37%
Magic:  8/8        EV: 12    Int: 16    God:
Gold:   51         SH:  0    Dex: 16    Spells: 6/7 levels left

rFire   . . .      SeeInvis .    g - +0 dagger (elec) {short}
rCold   . . .      Faith    .    (no shield)
rNeg    . . .      Spirit   .    d - +2 leather armour
rPois   .          Reflect  .    (no helmet)
rElec   .          Harm     .    (no cloak)
rCorr   .          Rampage  .    (no gloves)
Will    .....                    (no boots) Stlth
                                 (no amulet)
HPRegen 0.24/turn                (no ring)
MPRegen 0.11/turn                (no ring)

@: berserking, lethally poisoned (0 -> -5), very quick
A: no striking features
a: no special abilities


You were on level 1 of the Dungeon.
You visited 1 branch of the dungeon, and saw 1 of its levels.

You collected 51 gold pieces.


   Skills:
 - Level 1.5 Fighting
 - Level 3.6 Dodging
 + Level 2.9 Stealth
 - Level 3.0 Spellcasting
 - Level 4.0 Hexes


You had 6 spell levels left.
You knew the following spells:

 Your Spells              Type           Power      Damage    Failure   Level
a - Slow                  Hex            60%        N/A       5%          1

Your spell library contained the following spells:

 Spells                   Type           Power      Damage    Failure   Level
 Portal Projectile        Hex/Tloc       16%        N/A       36%         3
 Manifold Assault         Tloc           2%         N/A       95%         4
 Dispersal                Tloc           1%         N/A       100%        6
 Disjunction              Tloc           1%         N/A       100%        8

Inventory:

Hand Weapons
 g - a +0 dagger of electrocution (weapon) {short}
   (You took it off a goblin on level 1 of the Dungeon)
Armour
 d - a +2 leather armour (worn)
Scrolls
 e - a scroll of teleportation {unknown}
 f - a scroll of fog {unknown}
Potions
 b - a potion of lignification {!q}

Dungeon Overview and Level Annotations

Branches:
Dungeon (1/15) Zot: 5682

Altars:

...#.#.........#
####.#...#)###.... ..
#.#...#.# #)... .##
#.##.##.# #.# # ..
#.......###.# .##.###
#.##......#.##......
####.##.#.##.#.......#
...........#.#..###†.####.
.#.#.##.#..)....@..)......
...#.##.#..#.##.#.#.######
#...†......#.##.....#
...#.##......####.###
.###.##.##.### #.# .#
#.......# ... .######.####
#.## ...##.....# #..
.#)##.....#


There were no monsters in sight!


Message History

You hit the hobgoblin but do no damage. The hobgoblin closely misses you.
You hit the hobgoblin. The hobgoblin hits you. 😕 HP[-2]
You take 2 damage, and now have 14/16 hp.
You barely miss the hobgoblin. The hobgoblin hits you. 😮 HP[-2]
You take 2 damage, and now have 12/16 hp.
You are too injured to fight recklessly!
You are too injured to fight recklessly!
You are too injured to fight recklessly!
You are too injured to fight recklessly!
You hit the hobgoblin but do no damage. The hobgoblin misses you.
You hit the hobgoblin.
The hobgoblin hits you but does no damage. 😕 HP[+1]
You closely miss the hobgoblin. The hobgoblin closely misses you.
You hit the hobgoblin.
You kill the hobgoblin!
You start resting. 😎 HP[+3]
Your hp is fully restored (16).
You now have 51 gold pieces (gained 10).
A kobold comes into view. It is wielding a +1 dagger of venom.
A kobold is nearby!
You see here a book of the Warp.
You pick up a book of the Warp and begin reading...
You add the spells Manifold Assault, Dispersal and Disjunction to your library.
An endoplasm comes into view.
A giant cockroach comes into view.
The kobold shouts!
The endoplasm quivers.
You hit the kobold.
The kobold hits you with a +1 dagger of venom.
You are poisoned. 😕 HP[-3]
You take 3 damage, and now have 13/16 hp.
You closely miss the kobold.
You feel very sick. The kobold barely misses you. 😮 HP[-3]
You take 3 damage, and now have 10/16 hp.
Unknown command.
You closely miss the kobold.
* * * LOW HITPOINT WARNING * * *
You feel very sick. The giant cockroach barely misses you.
The kobold closely misses you. 😨 HP[-3]
You take 3 damage, and now have 7/16 hp.
Unknown command.
You hit the kobold but do no damage.
* * * LOW HITPOINT WARNING * * *
You feel sick.
The giant cockroach bites you but does no damage.
The kobold misses you. 😨 HP[-1]
You take 1 damage, and now have 6/16 hp.
Unknown command.
You barely miss the kobold.
* * * LOW HITPOINT WARNING * * *
You feel sick.
The giant cockroach bites you but does no damage.
The endoplasm closely misses you. The kobold barely misses you. 😨 HP[-1]
You take 1 damage, and now have 5/16 hp.
Unknown command.
Really quaff
c - a potion of berserk rage {!q}?
A red film seems to cover your vision as you go berserk!
You feel yourself moving faster!
You feel mighty!
You feel sick.
The giant cockroach bites you but does no damage.
The endoplasm closely misses you. The kobold hits you but does no damage.
You are lethally poisoned! 😱 HP[+1]
You now have 24 max hp (+8).
You hit the kobold.
You kill the kobold!
* * * LOW HITPOINT WARNING * * *
You feel sick.
The giant cockroach barely misses you. 😱 HP[-1]
You take 1 damage, and now have 5/24 hp.
You puncture the endoplasm!
Lightning courses through the endoplasm!
You kill the endoplasm!
* * * LOW HITPOINT WARNING * * *
You feel sick.
The giant cockroach barely misses you. 😱 HP[-2]
You take 2 damage, and now have 3/24 hp.
You hit the giant cockroach.
Lightning courses through the giant cockroach!
You kill the giant cockroach!
* * * LOW HITPOINT WARNING * * *
You feel sick. 😱 HP[-1]
You take 1 damage, and now have 2/24 hp.
* * * LOW HITPOINT WARNING * * *
You feel sick. 😱 HP[-1]
You take 1 damage, and now have 1/24 hp.
Unknown command.
You feel a strong urge to attack something.
You die...

Skill      XL: |  1 |
---------------+----+-----
Stealth        | 2 |  2.9
Fighting       | |  1.5
Dodging        | |  3.6
Spellcasting   | |  3.0
Hexes          | |  4.0

Action                     || total
---------------------------++-------
  Melee: Dagger            ||    44
    Use: Potion            ||     1
   Stab: Sleeping          ||     3
 Armour: Leather armour    ||    15
  Dodge: Dodged            ||    33

Levels and vault maps discovered:
D:1:      saegor_arrival_simple_d, layout_loops_cross

Notes
Turn   | Place    | Note
-------+----------+-------------------------------------------
     0 | D:1      | MackTheKnife the Deep Elf Wanderer began the quest for the
                  | Orb.
     0 | D:1      | MackTheKnife set off with the following items: a +0 dagger
                  | {short}, a potion of lignification {!q}, a potion of
                  | berserk rage {!q}, a +2 leather armour; and the following
                  | spell memorised: Slow; and the following spells available
                  | to memorise: Portal Projectile.
     0 | D:1      | Reached XP level 1. HP: 12/12 MP: 6/6
     0 | D:1      | magus.rc [v1.9.6]
    37 | D:1      | Reached skill level 1 in Stealth
   180 | D:1      | Reached skill level 2 in Stealth
   227 | D:1      | Reached XP level 2. HP: 16/16 MP: 8/8
   304 | D:1      | You pick up a book of the Warp and begin reading...
   304 | D:1      | You add the spells Manifold Assault, Dispersal and
                  | Disjunction to your library.
   314 | D:1      | HP: 6/24 [poisoned by a kobold]
   317 | D:1      | HP: 2/24 [poisoned by a kobold]
   319 | D:1      | Succumbed to a kobold's poison

Vanquished Creatures
  A ball python (D:1)
  An endoplasm (D:1)
  2 giant cockroaches (D:1)
  2 hobgoblins (D:1)
  A kobold (D:1)
  A quokka (D:1)
  2 bats (D:1)
  2 goblins (D:1)
  2 rats (D:1)
14 creatures vanquished.

Table legend:
 A = Non-vault XP
 B = Vault XP
 C = Vault XP percentage of total XP
 D = Non-vault monster count
 E = Vault monster count
 F = Vault count percentage of total count
                 A         B        C        D         E       F
            +---------+---------+-------+---------+---------+-------
      Total |      23 |       0 |   0.0 |      14 |       0 |   0.0
            +---------+---------+-------+---------+---------+-------
        D:1 |      23 |       0 |   0.0 |      14 |       0 |   0.0
            +---------+---------+-------+---------+---------+-------

Illustrated notes

Table legend:
 A = Kills in this place as a percentage of kills in entire the game.
 B = Kills by you in this place as a percentage of kills by you in the entire game.
 C = Kills by friends in this place as a percentage of kills by friends in the entire game.
 D = Other kills in this place as a percentage of other kills in the entire game.
 E = Experience gained in this place as a percentage of experience gained in the entire game.
 F = Experience gained in this place divided by the number of levels of this place that you have seen.
                   A       B       C       D       E      F
               +-------+-------+-------+-------+-------+----------------------
         Total | 100.0 | 100.0 |   N/A |   N/A | 100.0 |  23.0
       Dungeon | 100.0 | 100.0 |   N/A |   N/A | 100.0 |  23.0
               +-------+-------+-------+-------+-------+----------------------

Table legend: (Time is in decaauts)
 A = Elapsed time spent in this place.
 B = Non-inter-level travel time spent in this place.
 C = Inter-level travel time spent in this place.
 D = Time resting spent in this place.
 E = Time spent auto-exploring this place.
 F = Levels seen in this place.
 G = Mean time per level.
                   A        B        C        D        E       F      G
               +--------+--------+--------+--------+--------+-----+--------+
         Total |    317 |    317 |      0 |     23 |    164 |   1 |  317.0 |
       Dungeon |    317 |    317 |      0 |     23 |    164 |   1 |  317.0 |
               +--------+--------+--------+--------+--------+-----+--------+

Top non-repeatable levels by time:
     D:1: 317 daAuts
